 Dungeon Crawl Stone Soup version 0.29-a0-410-g9596d59a08 (webtiles) character file.

Game seed: 5830432377089014603

53 KhasaRR the Skirmisher (level 3, -1/49 HPs)
             Began as a Draconian Berserker on May 14, 2022.
             Was a Follower of Trog.
             Succumbed to a kobold's poison
             ... on level 2 of the Dungeon.
             The game lasted 00:08:45 (1592 turns).

KhasaRR the Skirmisher (Draconian Berserker)        Turns: 1592, Time: 00:08:46

Health: -1/49      AC:  6    Str: 27    XL:     3   Next: 62%
Magic:  3/3        EV: 12    Int:  7    God:    Trog [*.....]
Gold:   157        SH:  0    Dex: 10    Spells: 2/2 levels left

rFire   . . .      SeeInvis .   a - +0 mace
rCold   + . .      Faith    .   (no shield)
rNeg    . . .      Spirit   .   (body armour unavailable)
rPois   .          Reflect  .   (helmet restricted)
rElec   .          Harm     .   (no cloak)
rCorr   .          Rampage  .   e - +0 pair of gloves
Will    ++...                   (no boots)
Stlth   ..........              (no amulet)
HPRegen 1.16/turn               i - +6 ring of strength
MPRegen 0.08/turn               j - ring of protection from cold

@: berserking, lethally poisoned (-1 -> -15), strong-willed, regenerating, very
quick
A: AC +5, unfitting armour, cold-blooded
a: Renounce Religion, Berserk


You were on level 2 of the Dungeon.
You worshipped Trog.
Trog was aware of your devotion.
You visited 1 branch of the dungeon, and saw 2 of its levels.

You collected 157 gold pieces.

Inventory:

Hand Weapons
 a - a +0 mace (weapon)
Armour
 e - a +0 pair of gloves (worn)
Jewellery
 i - a +6 ring of strength (left hand)
 j - a ring of protection from cold (right hand)
Scrolls
 c - a scroll of identify
 d - a scroll of immolation
Potions
 b - a potion of degeneration {unknown}
 f - 2 potions of magic {unknown}
 g - a potion of haste {unknown}
 h - a potion of heal wounds {unknown}
 k - a potion of berserk rage {unknown}


   Skills:
 + Level 4.0 Fighting
 + Level 3.6 Maces & Flails
 + Level 3.2 Dodging


You had 2 spell levels left.
You didn't know any spells.
Your spell library was empty.

Dungeon Overview and Level Annotations

Branches:
Dungeon (2/15)

Altars:

Shops:
D:1 [:


Innate Abilities, Weirdness & Mutations

Your plain brown scales are hard. (AC +5)
You cannot fit into any form of body armour.
You are cold-blooded and may be slowed by cold attacks.


Message History

The kobold barely misses you. x2
You closely miss the kobold. The kobold hits you but does no damage.
You are poisoned.
You closely miss the kobold.
You feel very sick.
The kobold hits you with a +0 short sword of venom.
You are more poisoned.
You hit the kobold but do no damage.
You feel very sick.
The kobold hits you with a +0 short sword of venom.
You are more poisoned.
You barely miss the kobold.
You feel very sick. The kobold closely misses you.
The kobold hits you with a +0 short sword of venom.
You are lethally poisoned!
Your skin crawls.
You feel strong-willed.
You feel very sick. The kobold misses you.
A red film seems to cover your vision as you go berserk!
You feel yourself moving faster!
You feel mighty!
You can no longer call upon Trog for regeneration and willpower.
You feel very sick.
The kobold hits you with a +0 short sword of venom.
You are lethally poisoned!
You completely miss the kobold.
* * * LOW HITPOINT WARNING * * *
You feel very sick.
You closely miss the kobold.
* * * LOW HITPOINT WARNING * * *
You feel very sick. The kobold hits you but does no damage.
You barely miss the kobold.
* * * LOW HITPOINT WARNING * * *
You feel very sick.
The kobold hits you with a +0 short sword of venom.
* * * LOW HITPOINT WARNING * * *
You are more poisoned.
You die...

..#.# # #..#.# #
..#.## # #....##
#### #..... #...
#r... #[## #K#.#
###.## #.#.## #.....
#@...########.###.
#.#<..........# #.
#....#####..#.###.
##.................
......######..######
####..### #..#
#..#.####..#
#...#.....(#
##†###.##.##


You could see a kobold and a rat.

Vanquished Creatures
  An adder (D:2)
  2 worms (D:2)
  2 dart slugs (D:2)
  3 ball pythons (D:1)
  2 endoplasms (D:1)
  A giant cockroach (D:1)
  4 goblins (D:1)
  2 hobgoblins
  3 jackals
  4 quokkas
  2 bats (D:2)
  A frilled lizard (D:1)
  3 kobolds
30 creatures vanquished.

Vanquished Creatures (others)
  13 plants (D:2)
13 creatures vanquished.

Grand Total: 43 creatures vanquished

Notes
Turn   | Place    | Note
-------+----------+-------------------------------------------
     0 | D:1      | KhasaRR the Draconian Berserker began the quest for the
                  | Orb.
     0 | D:1      | Reached XP level 1. HP: 19/19 MP: 1/1
   234 | D:1      | Reached XP level 2. HP: 25/26 MP: 2/2
   480 | D:1      | Found Tasykkol's Book Boutique.
   564 | D:1      | Found a faded altar of an unknown god.
   866 | D:1      | Found Inkoyts's Antique Armour Shop.
  1043 | D:2      | Reached XP level 3. HP: 27/33 MP: 3/3
  1234 | D:2      | Reached skill level 4 in Fighting
  1244 | D:2      | Reached ** piety under Trog
  1591 | D:2      | HP: 2/49 [kobold/+0 short sword of venom (4)]
  1592 | D:2      | Succumbed to a kobold's poison

Illustrated notes

Levels and vault maps discovered:
D:1:      heliophobic_arrival_battle_scene, layout_basic, serial_shops,
          nicolae_shop_advertising_works [nicolae_subvault_shop_adworks],
          nicolae_shop_hallway_plus, hellmonk_ecumenical_altar_run_dry,
          minmay_misc_feat_four_crosses
D:2:      minmay_inner_zag, layout_loops_ring, serial_bayou,
          serial_bayou_lake_a, serial_bayou_ford_a, serial_bayou_crossing,
          serial_bayou_shore_a, grunt_ministairs_7

Skill      XL: |  1  2  3 |
---------------+----------+-----
Dodging        | 3 |  3.2
Fighting       | 4 |  4.0
Maces & Flails | |  3.6

Action                   || total
-------------------------++-------
Melee: Mace              ||   127
       Tailslap          ||     9
       Punch             ||     1
Invok: Berserk           ||     1
       Trog's Hand       ||     1
  Use: Scroll            ||     2
Armor: Skin              ||    42
Dodge: Dodged            ||    74

Table legend: (Time is in decaauts)
 A = Elapsed time spent in this place.
 B = Non-inter-level travel time spent in this place.
 C = Inter-level travel time spent in this place.
 D = Time resting spent in this place.
 E = Time spent auto-exploring this place.
 F = Levels seen in this place.
 G = Mean time per level.
                   A        B        C        D        E       F      G
               +--------+--------+--------+--------+--------+-----+--------+
         Total |   1676 |   1615 |     61 |      0 |   1233 |   2 |  838.0 |
       Dungeon |   1676 |   1615 |     61 |      0 |   1233 |   2 |  838.0 |
               +--------+--------+--------+--------+--------+-----+--------+

Top non-repeatable levels by time:
     D:1: 985 daAuts
     D:2: 691 daAuts
